 Seeded DCSS version 0.30.1-4-g462c640d31 (webtiles) character file.

Game seed: 6351066067085065685 (custom seed)

8 Esekla the Grave Robber (level 2, 0/15 HPs)
             Began as a Deep Elf Necromancer on Aug 25, 2023.
             Was an Initiate of Vehumet.
             Slain by a sleepcap (3 damage)
             ... on level 5 of the Dungeon.
             The game lasted 00:08:06 (1170 turns).

Esekla the Grave Robber (Deep Elf Necromancer)      Turns: 1170, Time: 00:08:07

Health: 0/15       AC:  4    Str:  5    XL:     2   Next: 0%
Magic:  8/8        EV: 12    Int: 19    God:    Vehumet [......]
Gold:   132        SH:  0    Dex: 15    Spells: 6/7 levels left

rFire   . . .        k - +1 short sword (freeze)
rCold   . . .        (no shield)
rNeg    . . .        a - +0 robe
rPois   .            i - +0 helmet
rElec   .            (no cloak)
rCorr   .            c - +0 pair of gloves
SInv    .            (no boots)
Will    .....        (no amulet)
Stlth   ++           (no ring)
HPRegen 0.22/turn    (no ring)
MPRegen 0.11/turn

%: no passive effects
@: attractive
A: no striking features
a: Renounce Religion


You were on level 5 of the Dungeon.
You worshipped Vehumet.
Vehumet was noncommittal.
You visited 1 branch of the dungeon, and saw 5 of its levels.

You collected 132 gold pieces.

Inventory:

Hand Weapons
 k - a +1 short sword of freezing (weapon)
Armour
 a - a +0 robe (worn)
 c - a +0 pair of gloves (worn)
 i - a +0 helmet (worn)
Wands
 n - a wand of flame (15)
Scrolls
 f - 3 scrolls of identify {unknown}
 l - a scroll of amnesia {unknown}
 m - 2 scrolls of enchant weapon {unknown}
Potions
 b - a potion of magic
 d - a potion of ambrosia {unknown}
 e - a potion of attraction
 g - a potion of haste {unknown}
 h - a potion of curing {unknown}
 j - a potion of mutation {unknown}


   Skills:
 * Level 2.4 Dodging
 + Level 2.5 Stealth
 * Level 3.1 Spellcasting
 + Level 5.2 Necromancy


You had 6 spell levels left.
You knew the following spells:

 Your Spells              Type           Power      Damage    Failure   Level
a - Necrotise             Necr           92%        1d8       1%          1

Your spell library contained the following spells:

 Spells                   Type           Power      Damage    Failure   Level
 Vampiric Draining        Necr           23%        2d7       5%          3
 Animate Dead             Necr           23%        N/A       17%         4
 Agony                    Necr           23%        N/A       43%         5


Dungeon Overview and Level Annotations

Branches:
Dungeon (5/15)
 Temple: D:4-7

Altars:
Okawaru
Qazlal
Vehumet
Zin

Shops:
D:2 =   D:4 (


Message History

There is an entrance to Ponaysk's Antique Weapon Boutique here.
You can access your shopping list by pressing '$'.
m - 2 scrolls labelled BUGABINK IGUEV
There is a stone staircase leading down here.
You climb downwards.
There is a stone staircase leading up here.
Found a fluorescent wand.
n - a wand of flame (15)
Found a mace.
Found an escape hatch in the floor.
A sleepcap comes into view.
Found an escape hatch in the ceiling.
Found a scroll of fear.
You hit the sleepcap. You freeze the sleepcap.
The sleepcap is lightly damaged.
The sleepcap closely misses you.
Okay, then.
Okay, then.
You hit the sleepcap. You freeze the sleepcap.
The sleepcap is moderately damaged.
The sleepcap releases spores at you.
You hit the sleepcap. You freeze the sleepcap.
The sleepcap is heavily damaged.
The sleepcap barely misses you.
You hit the sleepcap. You freeze the sleepcap.
The sleepcap is heavily damaged.
The sleepcap releases spores at you.
You are engulfed in a cloud of soporific spores!
You fall asleep.
The sleepcap releases spores at you!
You wake up.
Ouch! That really hurt!
* * * LOW HITPOINT WARNING * * *
You are engulfed in a cloud of soporific spores!
You are unaffected.
It was a potion of attraction.
You feel attractive to monsters.
The sleepcap releases spores at you but does no damage.
You hit the sleepcap but do no damage.
The sleepcap is heavily damaged.
The sleepcap releases spores at you.
You die...

########.## #.# ###.#
#...# #.### ##### #.#
?## ...# #.#
.....##.####.########...
.......@f.......<.....#
.....##.................
....<........#######.#.#
. #.#######..# #
...####..# #......#
##.##.## #....# #.####


You could see a sleepcap.

Vanquished Creatures
  An endoplasm (D:3)
  A goblin (D:3)
  A hobgoblin (D:3)
  A bat (D:3)
  2 frilled lizards
  3 kobolds
9 creatures vanquished.

Notes
Turn   | Place    | Note
-------+----------+-------------------------------------------
     0 | D:1      | Esekla the Deep Elf Necromancer began the quest for the
                  | Orb.
     0 | D:1      | Reached XP level 1. HP: 10/10 MP: 6/6
   251 | D:2      | Found Renulab's Jewellery Shop.
   414 | D:3      | Found a stormy altar of Qazlal.
   512 | D:2      | Noticed a black bear
   647 | D:4      | Found a radiant altar of Vehumet.
   658 | D:4      | Found an iron altar of Okawaru.
   669 | D:4      | Found a glowing silver altar of Zin.
   826 | D:4      | Became a worshipper of Vehumet
   911 | D:3      | Reached skill level 5 in Necromancy
   997 | D:3      | Reached XP level 2. HP: 15/15 MP: 8/8
  1077 | D:4      | Found Ponaysk's Antique Weapon Boutique.
  1117 | D:5      | Entered Level 5 of the Dungeon
  1170 | D:5      | Slain by a sleepcap

Illustrated notes

Levels and vault maps discovered:
D:1:      sevenhm_arrival_forest_fort_small_3, layout_rooms,
          chequers_serial_rivers_room_b, minmay_misc_feat_five
D:2:      layout_loops_ring, dreamdust_ecumenical_altar_angels_and_demons,
          serial_shops, shop
D:3:      layout_basic, grunt_temple_overflow_open, minmay_misc_feat_iff
D:4:      layout_basic, nicolae_overflow_quartered_altars, serial_shops,
          nicolae_diamond_shop
D:5:      layout_loops_ring, lemuel_doored_altar, minmay_misc_feat_rows,
          dreamdust_wishing_well

Skill      XL: |  1 |
---------------+----+-----
Necromancy     | 5 |  5.2
Dodging        | |  2.4
Stealth        | |  2.5
Spellcasting   | |  3.1

Action                     || total
---------------------------++-------
  Melee: Short sword       ||    18
         Unarmed           ||     9
    Use: Scroll            ||     1
         Potion            ||     1
   Stab: Sleeping          ||     3
 Armour: Robe              ||    12
  Dodge: Dodged            ||    25
